 Dungeon Crawl Stone Soup version 0.28.0-53-g5a82cb258f (webtiles) character file.

Game seed: 3855422434266625632

518 Kranky the Skirmisher (level 7, -4/54 HPs)
             Began as an Octopode Fighter on June 23, 2022.
             Was a Follower of Okawaru.
             Slain by a phantom (9 damage)
             ... on level 5 of the Dungeon.
             The game lasted 00:05:58 (4681 turns).

Kranky the Skirmisher (Octopode Fighter)            Turns: 4681, Time: 00:05:59

Health: -4/54      AC:  1    Str: 15    XL:     7   Next: 21%
Magic:  7/7        EV: 13    Int: 10    God:    Okawaru [*.....]
Gold:   178        SH:  5    Dex: 14    Spells: 6/6 levels left

rFire   . . .      SeeInvis .   a - +0 flail
rCold   . . .      Faith    .   b - +0 buckler
rNeg    . . .      Spirit   .   (helmet restricted)
rPois   .          Reflect  .   (no amulet)
rElec   .          Harm     .   k - ring of willpower
rCorr   .          Rampage  .   (no ring)
Will    +....                   (no ring)
Stlth   ++++......              (no ring)
HPRegen 0.18/turn               (no ring)
MPRegen 0.10/turn               (no ring)
                                (no ring)
                                (no ring)

@: no status effects
A: almost no armour, amphibious, 8 rings, camouflage 1, gelatinous body 1,
(nimble swimmer 1), tentacles
a: Renounce Religion, Heroism


You were on level 5 of the Dungeon.
You worshipped Okawaru.
Okawaru was aware of your devotion.
You visited 2 branches of the dungeon, and saw 6 of its levels.

You collected 178 gold pieces.

Inventory:

Hand Weapons
 a - a +0 flail (weapon)
Armour
 b - a +0 buckler (worn)
Jewellery
 k - a ring of willpower (left tentacle)
Wands
 i - a wand of digging (8)
 q - a wand of mindburst (5)
Scrolls
 d - a scroll of fear {unknown}
 e - 4 scrolls of identify {unknown}
 h - a scroll of silence {unknown}
 j - a scroll of blinking {unknown}
 l - a scroll of vulnerability {unknown}
 m - 2 scrolls of teleportation {unknown}
Potions
 c - a potion of might
 f - 3 potions of degeneration {unknown}
 g - 2 potions of heal wounds {unknown}
 n - 2 potions of attraction {unknown}
 o - 3 potions of flight {unknown}
 p - 2 potions of ambrosia {unknown}
 r - a potion of curing {unknown}


   Skills:
 + Level 7.4 Fighting
 - Level 2.0 Maces & Flails
 + Level 3.0 Dodging
 - Level 4.0 Stealth
 + Level 3.0 Shields


You had 6 spell levels left.
You didn't know any spells.
Your spell library contained the following spells:

 Spells                   Type           Power      Damage    Failure   Level
 Apportation              Tloc           0%         N/A       45%         1
 Ensorcelled Hibernation  Hex/Ice        0%         N/A       58%         2
 Passwall                 Tmut/Erth      0%         N/A       58%         2
 Swiftness                Air            0%         N/A       83%         3
 Animate Skeleton         Necr           Unusable   N/A       N/A         1
 Summon Small Mammal      Summ           Unusable   N/A       N/A         1

Dungeon Overview and Level Annotations

Branches:
Dungeon (5/15)             Temple (1/1) D:4

Altars:
Ashenzari
Cheibriados
Elyvilon
Fedhas
Gozag
Hepliaklqana
Kikubaaqudgha
Makhleb
Nemelex Xobeh
Okawaru
Qazlal
Ru
Sif Muna
Uskayaw
Vehumet
Wu Jian
Xom
Yredelemnul
Zin
The Shining One

Shops:
D:5 [


Innate Abilities, Weirdness & Mutations

You cannot wear most types of armour.
You are amphibious.
You can wear up to eight rings at the same time.
Your skin changes colour to match your surroundings (Stealth+).
Your rubbery body absorbs attacks. (AC +1, EV +1)
((You are camouflaged when in or above water. (Stealth+)))
You have tentacles for arms and can constrict up to eight enemies at once.


Message History

You completely miss the phantom.
You squeeze the phantom, but do no damage.
The phantom hits you.
The phantom blinks!
You blink.
You closely miss the phantom. The phantom hits you!
You miss the phantom. The phantom misses you. The phantom hits you!
You barely miss the phantom. The phantom misses you.
You hit the phantom. Your squeeze misses the phantom.
The phantom is lightly damaged.
The phantom hits you.
The phantom blinks!
You blink.
Found a book of Flames.
The phantom hits you!
You thump the phantom!
The phantom is heavily damaged.
The phantom misses you.
You hit the phantom. Your squeeze misses the phantom.
The phantom is heavily damaged.
The phantom hits you.
The phantom blinks!
You blink.
You miss the phantom. Your squeeze misses the phantom.
The phantom is heavily damaged.
The phantom hits you.
The phantom blinks!
You blink.
The phantom hits you.
* * * LOW HITPOINT WARNING * * *
The phantom blinks!
You blink.
You closely miss the phantom.
The phantom is heavily damaged.
The phantom hits you.
* * * LOW HITPOINT WARNING * * *
The phantom blinks!
You blink.
You miss the phantom.
The phantom is heavily damaged.
The phantom barely misses you. The phantom closely misses you.
You hit the phantom.
The phantom is severely damaged.
The phantom barely misses you.
You barely miss the phantom.
The phantom is severely damaged.
The phantom hits you.
* * * LOW HITPOINT WARNING * * *
You sock the phantom! Your squeeze misses the phantom.
The phantom is almost destroyed.
The phantom hits you!
You die...

#......... +.........
#.####.#.. #...#.#....#..
#...#.#.####..
#...#.#.#<...# ..
######...#.#.####.#
....###..W##...#.#.####.#
........@.+:...#.#......#
...###...#....#.########
........................
#######........#####....
#......#.# .# #......#.#
########.# .. # ## #


You could see a phantom.

Vanquished Creatures
  A hornet zombie (D:5)
  A necrophage (D:4)
  A scorpion (D:4)
  A centaur zombie (D:5)
  A centaur skeleton (D:4)
  An iguana (D:5)
  A mummy (D:4)
  A howler monkey skeleton (D:4)
  7 adders
  An ufetubus (D:4)
  2 dart slugs
  3 orcs
  6 bats
  9 endoplasms
  A giant cockroach (D:4)
  6 hobgoblins
  16 jackals (D:1)
  4 quokkas (D:3)
  7 ball pythons
  5 frilled lizards
  6 goblins
  A hobgoblin zombie (D:4)
  3 kobolds
  2 kobold zombies (D:4)
  An orc zombie (D:4)
  5 rats
93 creatures vanquished.

Notes
Turn   | Place    | Note
-------+----------+-------------------------------------------
     0 | D:1      | Kranky the Octopode Fighter began the quest for the Orb.
     0 | D:1      | Reached XP level 1. HP: 16/16 MP: 1/1
   114 | D:1      | Reached skill level 1 in Stealth
   124 | D:1      | Reached XP level 2. HP: 12/21 MP: 2/2
   516 | D:1      | Reached XP level 3. HP: 17/27 MP: 3/3
  1052 | D:1      | Reached skill level 4 in Fighting
  1360 | D:2      | Found a faded altar of an unknown god.
  1416 | D:2      | Reached XP level 4. HP: 20/33 MP: 4/4
  2804 | D:3      | Reached XP level 5. HP: 38/38 MP: 5/5
  3009 | D:4      | Found a staircase to the Ecumenical Temple.
  3091 | Temple   | Entered the Ecumenical Temple
  3245 | Temple   | Became a worshipper of Warmaster Okawaru
  3373 | D:4      | Reached skill level 5 in Fighting
  3756 | D:4      | Reached XP level 6. HP: 45/46 MP: 6/6
  3782 | D:4      | Noticed a necrophage
  3790 | D:4      | Killed a necrophage
  3791 | D:4      | Reached skill level 6 in Fighting
  4277 | D:5      | Entered Level 5 of the Dungeon
  4418 | D:5      | Found Wunid's Armour Boutique.
  4429 | D:5      | Reached skill level 7 in Fighting
  4483 | D:5      | Reached * piety under Okawaru
  4484 | D:5      | Reached XP level 7. HP: 26/54 MP: 7/7
  4681 | D:5      | Slain by a phantom

Illustrated notes

Levels and vault maps discovered:
D:1:      amcnicky_arrival_flooded_fountain, layout_basic, st_stairs_14
D:2:      layout_basic, basic_ecumenical_altar, hangedman_feature_mirror,
          roderic_lattice_a
D:3:      layout_basic, chequers_garden, chequers_serial_rivers_large_b,
          minivault_24
D:4:      nicolae_cairo_tiling, layout_basic, nicolae_overflow_hidden_temple,
          minmay_temple_entry_antechambers, minivault_4, minmay_mini_ossuary
D:5:      layout_basic, serial_shops, nicolae_shop_advertising_works
          [nicolae_subvault_shop_adworks]
Temple:   regret_index_temple_chain_breaker

Skill      XL: |  1  2  3  4  5  6 |
---------------+-------------------+-----
Stealth        | 1 2 3 4 |  4.0
Fighting       | 4 5 7 |  7.4
Maces & Flails | |  2.0
Dodging        | |  3.0
Shields        | |  3.0

Action                   |  1- 3 |  4- 6 |  7- 9 || total
-------------------------+-------+-------+-------++-------
Melee: Flail             |    78 |   101 |    13 ||   192
       Constrict         |    24 |    25 |       ||    49
       Tentacles         |     9 |    24 |     1 ||    34
       Punch             |     2 |     1 |       ||     3
  Use: Potion            |       |     1 |       ||     1
 Stab: Sleeping          |    11 |    22 |       ||    33
       Distracted        |       |     1 |       ||     1
Armor: Skin              |     8 |    10 |       ||    18
Dodge: Dodged            |    52 |    46 |     6 ||   104
Block: Buckler           |    10 |    16 |       ||    26
